 Dungeon Crawl Stone Soup version 0.30-a0-799-g109b55a442 (webtiles) character file.

Game seed: 4964746280189120285

64 cheesebisquit the Trooper (level 4, -4/40 HPs)
             Began as a Ghoul Fighter on Feb 20, 2023.
             Slain by Crazy Yiuf
             ... wielding a +4 quarterstaff of chaos
              (5 damage)
             ... while paralysed by Crazy Yiuf
             ... on level 3 of the Dungeon.
             The game lasted 00:05:40 (1825 turns).

cheesebisquit the Trooper (Ghoul Fighter)           Turns: 1825, Time: 00:05:40

Health: -4/40      AC:  8    Str: 19    XL:     4   Next: 12%
Magic:  3/3        EV:  2    Int:  5    God:
Gold:   177        SH:  0    Dex:  8    Spells: 3/3 levels left

rFire   . . .      SeeInvis .      - Unarmed
rCold   + . .      Faith    .    b - +0 buckler
rNeg    + + +      Spirit   .    k - +0 chain mail
rPois   ∞          Reflect  .    (no helmet)
rElec   .          Harm     .    o - scarf {repulsion}
rCorr   .          Rampage  .    (no gloves)
Will    .....                    (no boots) Stlth
                                 (no amulet)
HPRegen 0.00/turn                (no ring)
MPRegen 0.08/turn                (no ring)

@: paralysed, inhibited regen, repel missiles
A: claws 1, cold resistance 1, negative energy resistance 3, inhibited
regeneration, torment resistance 2, devour on kill
a: no special abilities


You were on level 3 of the Dungeon.
You visited 1 branch of the dungeon, and saw 3 of its levels.

You collected 177 gold pieces.

Inventory:

Missiles
 d - 6 poisoned darts (quivered)
Armour
 b - a +0 buckler (worn)
 k - a +0 chain mail (worn)
 o - a scarf of repulsion (worn)
Wands
 n - a wand of flame (13)
Scrolls
 a - 2 scrolls of blinking {unknown}
 h - 3 scrolls of identify {unknown}
 i - a scroll of fear {unknown}
 j - a scroll of brand weapon {unknown}
 m - a scroll of enchant armour {unknown}
 r - a scroll of poison {unknown}
Potions
 c - 3 potions of might
 e - 2 potions of curing {unknown}
 f - 3 potions of flight {unknown}
 g - a potion of invisibility {unknown}
 l - 2 potions of attraction {unknown}
 p - a potion of heal wounds {unknown}
 q - a potion of lignification {unknown}


   Skills:
 + Level 3.8 Fighting
 - Level 2.6 Armour
 + Level 1.9 Stealth
 - Level 2.6 Shields
 * Level 3.7 Unarmed Combat


You had 3 spell levels left.
You didn't know any spells.
Your spell library contained the following spells:

 Spells                   Type           Power      Damage    Failure   Level
 Static Discharge         Conj/Air       0%         2-2/arc   100%        2
 Vhi's Electric Charge    Tloc/Air       0%         N/A       100%        3
 Arcjolt                  Conj/Air       0%         1d10      100%        5
 Lightning Bolt           Conj/Air       0%         1d11      100%        5


Dungeon Overview and Level Annotations

Branches:
Dungeon (3/15)

Altars:

Annotations:
D:3 Crazy Yiuf


Innate Abilities, Weirdness & Mutations

You are immune to poison.
You have sharp fingernails.
Your flesh is cold resistant. (rC+)
You are immune to negative energy. (rN+++)
You do not regenerate when monsters are visible.
You are immune to unholy pain and torment.
You thrive by killing the living.


Message History

The ball python barely misses you. x2
You claw the ball python!
You kill the ball python!
You see here a ball python corpse.
q - a bubbling orange potion
e - 2 bubbling emerald potions (gained 1)
r - a scroll labelled DOB MUDUUSUUC
Found a robe.
You see here a +0 robe.
You now have 171 gold pieces (gained 11).
Found a hammer.
Found a runed translucent door.
Crazy Yiuf shouts!
Crazy Yiuf says, "Crazy?
Crazy!?
PORCUPINE!"
You now have 177 gold pieces (gained 6).
You see here 8 stones.
Crazy Yiuf shouts!
You open the door. You scratch Crazy Yiuf.
Crazy Yiuf is moderately wounded.
Crazy Yiuf barely misses you.
You scratch Crazy Yiuf.
Crazy Yiuf is moderately wounded.
You block Crazy Yiuf's attack.
You scratch Crazy Yiuf.
Crazy Yiuf is heavily wounded.
Crazy Yiuf hits you with a +4 quarterstaff of chaos.
Crazy Yiuf burns you.
You scratch Crazy Yiuf.
Crazy Yiuf is heavily wounded.
Crazy Yiuf hits you with a +4 quarterstaff of chaos!
You suddenly lose the ability to move!
Crazy Yiuf hits you with a +4 quarterstaff of chaos!
Crazy Yiuf freezes you.
Crazy Yiuf hits you with a +4 quarterstaff of chaos!
* * * LOW HITPOINT WARNING * * *
Crazy Yiuf burns you.
* * * LOW HITPOINT WARNING * * *
Crazy Yiuf cries, "You leg down broken song, no?"
Crazy Yiuf hits you with a +4 quarterstaff of chaos.
You die...

###♣♣♣♣♣
##.#..♣.♣♣♣ ###
###......♣..♣#...#
#.......♣♣♣♣@g...#
###.#..#♣♣♣
♣♣#..)# ##...####
### #..#.#
##.##.###
...##.#.#
#####.#.# ####...#
##.....##


You could see Crazy Yiuf.

Vanquished Creatures
  An adder (D:2)
  A worm (D:2)
  3 dart slugs
  An orc (D:3)
  7 ball pythons
  3 endoplasms
  3 giant cockroaches
  3 goblins
  4 hobgoblins
  2 jackals (D:2)
  3 kobolds
  A quokka (D:3)
  4 bats
  2 frilled lizards (D:2)
  5 rats
43 creatures vanquished.

Notes
Turn   | Place    | Note
-------+----------+-------------------------------------------
     0 | D:1      | cheesebisquit the Ghoul Fighter began the quest for the
                  | Orb.
     0 | D:1      | Reached XP level 1. HP: 19/19 MP: 0/0
   181 | D:1      | Reached XP level 2. HP: 26/26 MP: 1/1
   372 | D:1      | Reached skill level 1 in Stealth
   604 | D:2      | Reached XP level 3. HP: 27/31 MP: 2/2
  1258 | D:3      | Reached XP level 4. HP: 33/40 MP: 3/3
  1631 | D:3      | Found a runed translucent door.
  1632 | D:3      | Noticed Crazy Yiuf
  1822 | D:3      | Paralysed by Crazy Yiuf for 5 turns
  1824 | D:3      | HP: 1/40 [Crazy Yiuf/+4 quarterstaff of chaos (4)]
  1825 | D:3      | Slain by Crazy Yiuf

Illustrated notes

Levels and vault maps discovered:
D:1:      dpeg_arrival_chambers_temple_mockup, layout_rooms, serial_curves,
          eino_curves_02, eino_curves_03
D:2:      layout_rooms, minmay_ruptured
D:3:      layout_rooms, uniq_crazy_yiuf_cottage

Skill      XL: |  1  2 |
---------------+-------+-----
Stealth        | 1 |  1.9
Unarmed Combat | 3 |  3.7
Fighting       | |  3.8
Armour         | |  2.6
Shields        | |  2.6

Action                     |  1- 3 |  4- 6 || total
---------------------------+-------+-------++-------
  Melee: Unarmed           |   149 |    26 ||   175
 Armour: Scale mail        |    10 |       ||    10
         Chain mail        |    87 |    12 ||    99
  Dodge: Dodged            |    50 |     8 ||    58
  Block: Buckler           |    24 |     5 ||    29

Table legend: (Time is in decaauts)
 A = Elapsed time spent in this place.
 B = Non-inter-level travel time spent in this place.
 C = Inter-level travel time spent in this place.
 D = Time resting spent in this place.
 E = Time spent auto-exploring this place.
 F = Levels seen in this place.
 G = Mean time per level.
                   A        B        C        D        E       F      G
               +--------+--------+--------+--------+--------+-----+--------+
         Total |   1823 |   1782 |     41 |      0 |   1397 |   3 |  607.7 |
       Dungeon |   1823 |   1782 |     41 |      0 |   1397 |   3 |  607.7 |
               +--------+--------+--------+--------+--------+-----+--------+

Top non-repeatable levels by time:
     D:2: 776 daAuts
     D:3: 613 daAuts
     D:1: 432 daAuts
